General information
- name: BNet
- type: Ladder team game (AT/RT)
- host: Battle.net
- saver: lscariot
map: DragonFalls
- players: 8
- length: 22:34
- speed: Fast
- version: 1.26 W3XP
- replay type: Public
» download(161 KB)
Players
team 1 (loser)
gamelord (
green | 70 APM | 1220 actions | 17:22)
3 Blademaster
1 Wind Walk
2 Critical Strike
1 Shadow Hunter
1 Hex
» actions
| Assign group hotkey | 18 | |
| Build / train | 71 | |
| Enter build submenu | 19 | |
| Enter hero's abilities submenu | 4 | |
| Remove unit from queue | 2 | |
| Right click | 427 | |
| Select / deselect | 172 | |
| Select group hotkey | 442 | |
| Use ability | 65 | |
1220 total
» units
| Peon | 20 | |
| Grunt | 4 | |
| Wind Rider | 9 | |
| Troll Headhunter/Berserker | 7 | |
40 total
» upgrades
| Melee Weapons | 0 | |
| Armor | 1 | |
| Ranged Weapons | 1 | |
| Envenomed Spears | 1 | |
| Berserker Upgrade | 1 | |
| Troll Regeneration | 1 | |
5 total
» buildings
| Altar of Storms | 1 | |
| Orc Burrow | 6 | |
| Barracks | 2 | |
| Voodoo Lounge | 1 | |
| War Mill | 1 | |
| Stronghold | 1 | |
| Great Hall | 1 | |
| Fortress | 1 | |
| Beastiary | 4 | |
| Watch Tower | 6 | |
24 total
» build order
00:08 Altar of Storms
00:13 Orc Burrow
00:30 Barracks
01:47 Orc Burrow
02:00 Voodoo Lounge
02:57 War Mill
04:17 Stronghold
05:01 Great Hall
05:14 Orc Burrow
05:16 Orc Burrow
07:34 Fortress
07:44 Beastiary
08:30 Beastiary
08:39 Beastiary
08:51 Beastiary
08:54 Orc Burrow
11:07 Watch Tower
11:09 Watch Tower
11:21 Watch Tower
11:23 Watch Tower
13:18 Watch Tower
13:24 Watch Tower
14:39 Barracks
15:34 Orc Burrow
» items
| Healing Salve | 1 | |
| Lesser Clarity Potion | 2 | |
| Potion of Healing | 2 | |
| Potion of Mana | 1 | |
| Scroll of Speed | 1 | |
| Orb of Lightning | 1 | |
| Scroll of Town Portal | 2 | |
10 total
the_REtardEd (
purple | 85 APM | 1730 actions | 20:18)
3 Beastmaster
1 Summon Quilbeast
2 Summon Hawk
1 Far Seer
1 Feral Spirit
1 Shadow Hunter
1 Hex
» actions
| Assign group hotkey | 111 | |
| Basic commands | 39 | |
| Build / train | 76 | |
| ESC pressed | 1 | |
| Enter build submenu | 24 | |
| Enter hero's abilities submenu | 5 | |
| Give item / drop item | 2 | |
| Remove unit from queue | 7 | |
| Right click | 477 | |
| Select / deselect | 362 | |
| Select group hotkey | 475 | |
| Use ability | 151 | |
1730 total
» units
| Peon | 18 | |
| Grunt | 9 | |
| Spirit Walker | 3 | |
| Tauren | 6 | |
36 total
» upgrades
| Spirit Walker Training | 2 | |
| Reinforced Defenses | 1 | |
3 total
» buildings
| Barracks | 1 | |
| Orc Burrow | 9 | |
| Altar of Storms | 1 | |
| Voodoo Lounge | 1 | |
| Stronghold | 3 | |
| War Mill | 1 | |
| Great Hall | 1 | |
| Fortress | 2 | |
| Spirit Lodge | 1 | |
| Tauren Totem | 2 | |
22 total
» build order
00:08 Barracks
00:31 Orc Burrow
00:42 Orc Burrow
01:13 Altar of Storms
01:47 Orc Burrow
02:46 Voodoo Lounge
04:05 Stronghold
04:05 Stronghold
04:51 War Mill
06:09 Great Hall
07:03 Orc Burrow
09:00 Fortress
09:00 Fortress
09:08 Spirit Lodge
11:25 Tauren Totem
11:28 Tauren Totem
13:22 Orc Burrow
14:03 Orc Burrow
15:19 Orc Burrow
19:39 Orc Burrow
19:40 Orc Burrow
» items
| Healing Salve | 4 | |
| Lesser Clarity Potion | 6 | |
| Scroll of Speed | 1 | |
| Staff of Teleportation | 1 | |
| Boots of Speed | 2 | |
14 total

»
killerxl (
red | 44 APM | 886 actions | 20:13)
5 Blademaster
3 Wind Walk
2 Critical Strike
» actions
| Build / train | 97 | |
| Enter build submenu | 17 | |
| Enter hero's abilities submenu | 5 | |
| Give item / drop item | 2 | |
| Remove unit from queue | 1 | |
| Right click | 434 | |
| Select / deselect | 265 | |
| Use ability | 65 | |
886 total
» units
| Peon | 21 | |
| Troll Headhunter/Berserker | 19 | |
| Furbolg Shaman | 1 | |
| Troll Batrider | 19 | |
| Shaman | 9 | |
| Wind Rider | 4 | |
73 total
» upgrades
| Ranged Weapons | 2 | |
| Armor | 2 | |
| Troll Regeneration | 1 | |
| Shaman Training | 2 | |
| Liquid Fire | 1 | |
| Berserker Upgrade | 1 | |
9 total
» buildings
| Altar of Storms | 1 | |
| Orc Burrow | 7 | |
| War Mill | 1 | |
| Barracks | 1 | |
| Stronghold | 1 | |
| Voodoo Lounge | 1 | |
| Great Hall | 1 | |
| Fortress | 1 | |
| Spirit Lodge | 1 | |
| Beastiary | 3 | |
18 total
» build order
00:07 Altar of Storms
00:21 Orc Burrow
01:05 War Mill
01:27 Barracks
01:51 Orc Burrow
02:40 Orc Burrow
04:15 Stronghold
04:27 Voodoo Lounge
05:34 Great Hall
07:59 Fortress
08:03 Spirit Lodge
08:07 Beastiary
08:50 Orc Burrow
11:18 Orc Burrow
12:26 Orc Burrow
13:41 Orc Burrow
18:13 Beastiary
18:46 Beastiary
» items
| Healing Salve | 1 | |
| Orb of Lightning | 1 | |
| Scroll of Town Portal | 2 | |
| Potion of Healing | 2 | |
6 total
michaelleung (
teal | 23 APM | 509 actions | 22:32)
3 Archmage
2 Summon Water Elemental
1 Brilliance Aura
» actions
| Assign group hotkey | 8 | |
| Basic commands | 6 | |
| Build / train | 72 | |
| Enter build submenu | 22 | |
| Enter hero's abilities submenu | 3 | |
| Remove unit from queue | 1 | |
| Right click | 88 | |
| Select / deselect | 173 | |
| Select group hotkey | 78 | |
| Use ability | 58 | |
509 total
» units
| Peasant | 11 | |
| Footman | 4 | |
| Sorceress | 15 | |
| Priest | 7 | |
| Spell Breaker | 11 | |
48 total
» upgrades
| Masonry | 1 | |
| Swords | 1 | |
| Plating | 1 | |
| Sorceress Training | 2 | |
| Priest Training | 2 | |
| Magic Sentry | 1 | |
| Control Magic | 1 | |
9 total
» buildings
| Altar of Kings | 1 | |
| Farm | 11 | |
| Lumber Mill | 1 | |
| Scout Tower | 6 | |
| Barracks | 1 | |
| Guard Tower | 6 | |
| Keep | 1 | |
| Town Hall | 1 | |
| Blacksmith | 1 | |
| Arcane Sanctum | 4 | |
| Castle | 1 | |
| Arcane Vault | 1 | |
35 total
» build order
00:23 Altar of Kings
00:42 Farm
00:43 Farm
01:30 Lumber Mill
01:50 Scout Tower
01:52 Scout Tower
01:53 Scout Tower
02:26 Barracks
02:55 Guard Tower
03:16 Guard Tower
03:26 Guard Tower
03:31 Scout Tower
03:32 Scout Tower
03:33 Scout Tower
03:39 Farm
03:40 Farm
03:41 Farm
04:47 Guard Tower
05:10 Keep
05:13 Guard Tower
05:15 Guard Tower
05:32 Town Hall
05:52 Blacksmith
07:45 Arcane Sanctum
07:46 Arcane Sanctum
07:47 Arcane Sanctum
08:16 Castle
08:37 Farm
08:39 Farm
10:30 Arcane Sanctum
10:51 Arcane Vault
11:47 Farm
14:03 Farm
14:04 Farm
14:04 Farm
» items
team 2 (winner)
LessQQMorePew (
orange | 81 APM | 1834 actions | 22:33)
6 Death Knight
3 Death Coil
3 Unholy Aura
4 Lich
2 Frost Nova
2 Frost Armor
3 Dreadlord
2 Sleep
1 Vampiric Aura
» actions
| Assign group hotkey | 30 | |
| Basic commands | 3 | |
| Build / train | 93 | |
| Enter build submenu | 20 | |
| Enter hero's abilities submenu | 13 | |
| Give item / drop item | 3 | |
| Remove unit from queue | 2 | |
| Right click | 679 | |
| Select / deselect | 313 | |
| Select group hotkey | 605 | |
| Use ability | 73 | |
1834 total
» units
| Acolyte | 8 | |
| Ghoul | 7 | |
| Crypt Fiend | 10 | |
| Frost Wyrm | 8 | |
33 total
» upgrades
| Creature Carapace | 3 | |
| Creature Attack | 3 | |
| Web | 1 | |
| Burrow | 1 | |
| Freezing Breath | 1 | |
9 total
» buildings
| Graveyard | 1 | |
| Crypt | 2 | |
| Ziggurat | 9 | |
| Altar of Darkness | 1 | |
| Tomb of Relics | 1 | |
| Halls of the Dead | 5 | |
| Black Citadel | 1 | |
| Sacrificial Pit | 1 | |
| Boneyard | 2 | |
23 total
» build order
00:46 Graveyard
00:52 Crypt
00:57 Ziggurat
01:03 Altar of Darkness
01:17 Tomb of Relics
01:34 Ziggurat
03:37 Ziggurat
05:42 Halls of the Dead
05:42 Halls of the Dead
05:42 Halls of the Dead
06:02 Ziggurat
07:11 Crypt
07:45 Ziggurat
08:06 Black Citadel
08:54 Ziggurat
09:22 Sacrificial Pit
10:15 Ziggurat
10:43 Boneyard
10:52 Boneyard
13:07 Ziggurat
13:09 Ziggurat
» items
| Rod of Necromancy | 7 | |
| Periapt of Vitality | 1 | |
| Potion of Healing | 2 | |
| Scroll of Town Portal | 1 | |
| Orb of Corruption | 1 | |
12 total

»
SmokingWeed. (
yellow | 96 APM | 2170 actions | 22:33)
6 Demon Hunter
3 Mana Burn
2 Evasion
1 Metamorphosis
4 Priestess of the Moon
2 Trueshot Aura
2 Searing Arrows
4 Keeper of the Grove
2 Entangling Roots
2 Thorns Aura
» actions
| Assign group hotkey | 281 | |
| Basic commands | 8 | |
| Build / train | 95 | |
| ESC pressed | 3 | |
| Enter build submenu | 18 | |
| Enter hero's abilities submenu | 14 | |
| Give item / drop item | 1 | |
| Right click | 1073 | |
| Select / deselect | 354 | |
| Select group hotkey | 246 | |
| Use ability | 77 | |
2170 total
» units
| Wisp | 25 | |
| Archer | 12 | |
| Hippogryph | 7 | |
| Druid of the Talon | 10 | |
54 total
» upgrades
| Strength of the Moon | 3 | |
| Moon Armor | 3 | |
| Hippogryph Taming | 1 | |
| Improved Bows | 1 | |
| Marksmanship | 1 | |
| Druid of the Talon Training | 2 | |
| Well Spring | 1 | |
| Mark of the Talon | 1 | |
| Ultravision | 1 | |
14 total
» buildings
| Altar of Elders | 1 | |
| Moon Well | 7 | |
| Ancient of War | 1 | |
| Tree of Life | 1 | |
| Hunter's Hall | 1 | |
| Tree of Ages | 2 | |
| Ancient of Wind | 2 | |
| Tree of Eternity | 1 | |
| Ancient Protector | 2 | |
| Ancient of Wonders | 1 | |
19 total
» build order
00:10 Altar of Elders
00:17 Moon Well
00:32 Ancient of War
01:24 Moon Well
02:21 Moon Well
03:34 Tree of Life
03:48 Moon Well
04:11 Hunter's Hall
04:54 Tree of Ages
08:33 Ancient of Wind
08:34 Ancient of Wind
09:38 Tree of Eternity
11:01 Ancient Protector
11:03 Ancient Protector
12:11 Moon Well
13:02 Moon Well
14:08 Ancient of Wonders
14:39 Moon Well
» items
| Healing Salve | 2 | |
| Orb of Lightning | 1 | |
3 total
lscariot (
pink | 94 APM | 2129 actions | 22:34)
8 Blademaster
3 Wind Walk
3 Critical Strike
1 Bladestorm
1 Mirror Image
» actions
| Assign group hotkey | 278 | |
| Basic commands | 12 | |
| Build / train | 73 | |
| Enter build submenu | 34 | |
| Enter hero's abilities submenu | 8 | |
| Give item / drop item | 5 | |
| Right click | 976 | |
| Select / deselect | 313 | |
| Select group hotkey | 312 | |
| Use ability | 118 | |
2129 total
» units
| Peon | 12 | |
| Grunt | 5 | |
| Troll Batrider | 13 | |
| Goblin Shredder | 2 | |
| Goblin Zeppelin | 2 | |
| Green Dragon | 1 | |
35 total
» upgrades
| Ranged Weapons | 3 | |
| Liquid Fire | 1 | |
| Troll Regeneration | 1 | |
| Armor | 3 | |
| Reinforced Defenses | 1 | |
9 total
» buildings
| Orc Burrow | 5 | |
| Altar of Storms | 1 | |
| Barracks | 1 | |
| Voodoo Lounge | 1 | |
| Stronghold | 2 | |
| War Mill | 2 | |
| Great Hall | 2 | |
| Beastiary | 5 | |
| Watch Tower | 17 | |
| Fortress | 1 | |
37 total
» build order
00:37 Orc Burrow
00:41 Altar of Storms
00:57 Barracks
01:15 Orc Burrow
02:18 Voodoo Lounge
03:00 Stronghold
03:00 Stronghold
04:24 War Mill
04:46 Great Hall
05:00 Orc Burrow
06:00 Beastiary
06:00 Beastiary
06:06 Watch Tower
06:06 Watch Tower
06:09 Watch Tower
06:12 Watch Tower
07:42 Watch Tower
09:29 Fortress
10:13 Watch Tower
10:14 Watch Tower
10:14 Watch Tower
13:23 War Mill
14:18 Beastiary
14:20 Beastiary
14:45 Beastiary
16:58 Orc Burrow
17:00 Orc Burrow
17:17 Watch Tower
17:18 Watch Tower
17:18 Watch Tower
17:18 Watch Tower
17:19 Watch Tower
18:36 Great Hall
19:58 Watch Tower
19:59 Watch Tower
19:59 Watch Tower
19:59 Watch Tower
» items
| Healing Salve | 4 | |
| Lesser Clarity Potion | 2 | |
| Boots of Speed | 1 | |
| Periapt of Vitality | 2 | |
| Staff of Teleportation | 1 | |
| Scroll of Town Portal | 2 | |
| Orb of Lightning | 1 | |
13 total

»
mcroges (
blue | 21 APM | 477 actions | 22:33)
6 Goblin Tinker
3 Pocket Factory
2 Engineering Upgrade
1 Robo-Goblin
1 Lich
1 Frost Armor
1 Dreadlord
1 Vampiric Aura
» actions
| Basic commands | 1 | |
| Build / train | 60 | |
| Enter build submenu | 19 | |
| Enter hero's abilities submenu | 8 | |
| Give item / drop item | 1 | |
| Right click | 123 | |
| Select / deselect | 199 | |
| Use ability | 66 | |
477 total
» units
| Acolyte | 7 | |
| Ghoul | 6 | |
| Frost Wyrm | 10 | |
23 total
» upgrades
| Creature Attack | 3 | |
| Creature Carapace | 3 | |
| Freezing Breath | 1 | |
| Backpack | 1 | |
| Stone Form | 1 | |
| Burrow | 1 | |
| Web | 1 | |
11 total
» buildings
| Crypt | 1 | |
| Ziggurat | 10 | |
| Graveyard | 1 | |
| Halls of the Dead | 1 | |
| Altar of Darkness | 1 | |
| Spirit Tower | 5 | |
| Black Citadel | 1 | |
| Sacrificial Pit | 1 | |
| Tomb of Relics | 1 | |
| Boneyard | 2 | |
24 total
» build order
00:15 Crypt
00:22 Ziggurat
01:17 Ziggurat
01:54 Graveyard
02:23 Halls of the Dead
02:42 Altar of Darkness
02:59 Ziggurat
03:18 Spirit Tower
03:26 Spirit Tower
04:02 Spirit Tower
05:12 Black Citadel
05:15 Sacrificial Pit
06:31 Tomb of Relics
06:34 Ziggurat
07:50 Boneyard
08:01 Ziggurat
09:11 Boneyard
09:20 Ziggurat
09:34 Spirit Tower
09:36 Spirit Tower
18:10 Ziggurat
18:14 Ziggurat
18:18 Ziggurat
21:13 Ziggurat
» items
| Potion of Lesser Invulnerability | 2 | |
| Staff of Teleportation | 1 | |
| Scroll of Healing | 2 | |
| Scroll of Town Portal | 1 | |
| Dust of Appearance | 1 | |
| Potion of Healing | 1 | |
8 total
Chat log
(00:27 / Allies) lscariot: too bad the UD are on my side
(00:41 / Allies) SmokingWeed.: ?
(00:52 / Allies) lscariot: nvm I'm orc
(01:02 / Allies) SmokingWeed.: wtf
(01:03 / Allies) lscariot: was athinking I was hu
(01:12 / Allies) SmokingWeed.: ohh
(02:06 / Allies) SmokingWeed.: sry
(02:29 / Allies) SmokingWeed.: u harass pink ?
(02:40 / Allies) lscariot: Yeah, level 1 BM harass is really effective
(03:01 / Allies) SmokingWeed.: wanna
(03:06 / Allies) SmokingWeed.: omg
(07:36 / Allies) lscariot: wood
(08:59 / Allies) lscariot: fuck
(09:06 / Allies) lscariot: fuicking shreddar got surrounded
(11:17 / All) the_REtardEd: so fag
(11:20 / All) the_REtardEd: 4 vs 1
(11:25 / Allies) mcroges: l
(11:28 / All) mcroges: lol??
(11:31 / All) lscariot: tp when you hit and run then retard
(11:49 / All) the_REtardEd: what can i do im retard
(15:08 / Allies) lscariot: they are spending a fortune on tps lawl
(15:29 / Allies) SmokingWeed.: coming oj and blue
(17:14 / All) gamelord: pawned
(17:38 / All) SmokingWeed.: didnt lose 1 hippo
(18:09 / All) SmokingWeed.: now yeah
(18:11 / All) SmokingWeed.: ll
(18:13 / All) SmokingWeed.: lol
(18:30 / All) the_REtardEd: now you lost one
(18:39 / All) SmokingWeed.: i ost 3
(18:46 / All) SmokingWeed.: and u lose the game
(18:48 / All) SmokingWeed.: ^^
(18:58 / All) the_REtardEd: yeah u know im the retarded
(19:02 / All) the_REtardEd: i really dont care
(20:49 / All) lscariot: did you have fun teal
(20:57 / All) michaelleung: no
(21:00 / All) lscariot: why not
(21:02 / All) SmokingWeed.: lol
(22:23 / All) lscariot: 0-3 lawl
(22:28 / All) lscariot: 0-4 now